AoeStats
← Darknar626

Pilgrims

508122622Analyzed
4v4 RM · 13d ago on Sep 21, 2026· 21m 28s· 8 players
Game mode
Random Map
Map size
Large (8 player)
Population
200
Speed
Normal
Resources
Standard
Victory
Conquest
Starting age
Dark Age
Ending age
Imperial Age
RankedLock teamsTeams togetherTeam positionsShared explorationLock speedFull tech treeHidden civsTurbo modeCheats
Victory
Defeat
🇺🇸 Franks · United States
843
+10
🇲🇽 Georgians · Mexico
825
+10
🇨🇱 Britons · Chile
802
+11
🇩🇴 Vikings · Dominican Republic
775
+12
🇨🇱 Koreans · Chile
789
-14
🇨🇱 Portuguese · Chile
690
-11
🇺🇸 Chinese · United States
655
-9
🇨🇱 Huns · Chile
650
-9
IdocOhThree
3:57 Loom
10:51 Feudal Age
11:29 Double-Bit Axe
13:04 Wheelbarrow
19:52 Castle Age
20:34 Forging
20:30 Scale Barding Armor
20:45 Bow Saw
Nothing happened, go cry!
5:50 Loom
14:56 Feudal Age
20:54 Castle Age
18:19 Man-at-Arms
19:29 Double-Bit Axe
19:53 Horse Collar
20:11 Stone Mining
20:53 Gold Mining
21:02 Light Cavalry
Darknar626
5:44 Loom
14:20 Feudal Age
15:57 Double-Bit Axe
16:04 Gold Mining
16:01 Horse Collar
20:30 Castle Age
20:12 Wheelbarrow
19:23 Town Watch
20:18 Bloodlines
20:53 Demolition Ship
snoow.wolf.96
5:22 Loom
11:56 Feudal Age
13:43 Wheelbarrow
13:06 Fishing Lines
13:57 Double-Bit Axe
15:07 Town Watch
19:03 Fletching
20:05 Scale Barding Armor
20:15 Forging
21:36 Padded Archer Armor
Rat Meat Pizza
17:36 Feudal Age
18:35 Gold Mining
19:26 Wheelbarrow
18:37 Horse Collar
19:08 Loom
19:49 Double-Bit Axe
20:06 Stone Mining
Maritza
10:08 Loom
13:35 Feudal Age
14:21 Double-Bit Axe
14:31 Horse Collar
15:31 Wheelbarrow
pusciFer
15:20 Feudal Age
17:29 Wheelbarrow
19:28 Gold Mining
19:44 Double-Bit Axe
Burgundy
11:49 Feudal Age
13:10 Fishing Lines
Connection lost

Rejoining the realm…

Still unreachable

The connection could not be restored.

Session expired

The server has moved on; the page needs a fresh start.